Map: Radhuset Station LE

Players

GuMiho - Winner!

  • Race: Terran Terran

llllllllllll (herO)

  • Race: Protoss Protoss
  • League: Grandmaster

VOD

Have the link to the VOD?

Description

Time

  • Played on: Oct. 9, 2023, 10:10 p.m.
  • Length: 25:15
Show
View Real Time Build Order
Export as new Build Order

GuMiho Terran - Winner!

Build Orders: Command Center First 

Get SALT Encoding   

  12  0:00  SCV  
  13  0:12  SCV  
  14  0:17  Supply Depot  
  14  0:24  SCV  
  15  0:39  SCV  
  16  0:51  SCV  
  17  1:00  Command Center  
  17  1:04  SCV  
  18  1:15  Barracks  
  18  1:17  SCV  
  19  1:22  Refinery  
  19  1:29  SCV  
  20  1:37  Barracks  
  20  1:41  SCV  
  21  1:53  SCV  
  22  2:04  Barracks Reactor  
  22  2:05  Orbital Command  
  22  2:11  Orbital Command  
  22  2:14  Refinery  
  22  2:23  Barracks Tech Lab  
  22  2:28  Barracks  
  22  2:30  SCV  
  23  2:38  SCV  
  23  2:41  Marine x2  
  23  2:42  Marine  
  27  2:45  SCV  
  27  2:48  Stimpack  
  29  2:51  SCV  
  29  2:57  SCV  
  30  3:00  Marine x2  
  30  3:01  Marine  
  30  3:04  SCV  
  34  3:09  SCV  
  34  3:10  Factory  
  35  3:14  Supply Depot  
  35  3:18  SCV  
  36  3:21  SCV  
  36  3:24  Barracks Reactor  
  37  3:28  Supply Depot  
  37  3:30  SCV  
  38  3:34  Engineering Bay  
  38  3:36  Marine, SCV  
  38  3:37  Marine  
  38  3:40  Marine  
  42  3:42  SCV  
  42  3:48  SCV  
  44  3:53  Supply Depot  
  44  3:55  Factory Reactor, SCV  
  45  3:57  Starport  
  45  4:00  SCV  
  45  4:01  Terran Infantry Weapons Level 1  
  46  4:07  Marine, SCV  
  46  4:08  Marine  
  46  4:09  Marine  
  50  4:11  Marine  
  50  4:12  SCV, Marine  
  53  4:18  Supply Depot  
  53  4:19  SCV  
  54  4:24  SCV  
  54  4:25  Supply Depot  
  54  4:26  Marine x3  
  54  4:30  Combat Shield  
  54  4:31  SCV  
  59  4:36  SCV  
  60  4:42  Supply Depot  
  60  4:43  SCV  
  61  4:46  Marine x5  
  61  4:48  SCV  
  61  4:50  Medivac  
  61  4:52  Medivac  
  71  4:55  SCV  
  72  5:05  Command Center  
  72  5:07  Marine x3  
  72  5:08  Marine  
  72  5:09  Marine  
  72  5:11  SCV  
  72  5:12  SCV  
  79  5:15  Supply Depot  
  79  5:16  Refinery  
  78  5:25  Marine x3  
  78  5:26  Marine  
  78  5:27  Marine  
  83  5:32  Barracks  
  83  5:33  Barracks  
  83  5:35  SCV x2  
  87  5:42  Marine  
  87  5:43  Marine  
  87  5:48  Marine x2  
  78  5:50  Medivac x2  
  78  5:51  SCV x2  
  78  5:52  Marine  
  85  6:00  Marine  
  85  6:06  Marine x3  
  85  6:08  SCV x2  
  85  6:10  Factory Tech Lab, Refinery  
  85  6:11  Marauder  
  82  6:12  Terran Infantry Armor Level 1  
  82  6:18  Marine  
  81  6:20  SCV x2  
  81  6:21  Refinery  
  81  6:22  Barracks Tech Lab x2  
  81  6:24  Marine x3  
  81  6:29  Orbital Command  
  81  6:32  Marauder  
  83  6:33  SCV x2  
  83  6:36  Siege Tank  
  88  6:40  Missile Turret  
  88  6:45  SCV x2  
  92  6:47  Marauder x2, Marine x2  
  92  6:48  Marine x2  
  92  6:50  Concussive Shells  
  92  6:54  Marauder  
  100  6:55  Medivac  
  100  6:57  SCV x2, Medivac  
  100  7:00  Supply Depot  
  106  7:02  SCV  
  106  7:06  Marine  
  109  7:08  Marauder  
  109  7:10  Supply Depot  
  109  7:12  Supply Depot  
  109  7:20  Supply Depot  
  109  7:22  Siege Tank, SCV x2  
  114  7:24  Supply Depot, SCV  
  114  7:26  Supply Depot  
  114  7:31  Marauder  
  114  7:32  Marine x2  
  114  7:33  Marauder, Marine  
  114  7:34  SCV x2  
  114  7:36  Marauder  
  123  7:39  Refinery  
  123  7:41  Medivac  
  123  7:43  Medivac  
  127  7:44  SCV  
  127  7:46  SCV  
  129  7:52  Marauder  
  129  7:54  Marauder  
  129  7:57  Marauder  
  135  8:00  Command Center  
  135  8:08  SCV  
  135  8:09  SCV  
  135  8:11  SCV  
  135  8:12  Missile Turret  
  138  8:16  Armory  
  138  8:17  Engineering Bay  
  138  8:19  Missile Turret  
  138  8:22  Liberator, Missile Turret  
  138  8:23  Liberator  
  138  8:25  SCV  
  145  8:27  SCV x2  
  145  8:30  Siege Tank  
  150  8:39  Missile Turret  
  150  8:44  Marauder  
  150  8:45  Marauder x2  
  150  8:48  Marine x4, Ghost Academy  
  156  8:53  SCV x3  
  163  9:05  SCV x3  
  163  9:09  Viking x2, Sensor Tower  
  170  9:11  Siege Tank  
  170  9:15  Planetary Fortress  
  173  9:17  SCV  
  173  9:23  Terran Infantry Weapons Level 2, Terran Infantry Armor Level 2  
  173  9:26  Terran Ship Weapons Level 1  
  173  9:32  SCV x3  
  173  9:36  Missile Turret  
  176  9:42  Ghost, Refinery  
  176  9:43  Ghost x2, Refinery  
  181  9:49  Command Center  
  181  9:50  Missile Turret  
  181  9:55  Missile Turret  
  181  9:57  Starport x2  
  181  10:04  Command Center  
  181  10:07  Fusion Core  
  181  10:08  Missile Turret  
  181  10:10  SCV x3  
  184  10:21  Missile Turret  
  184  10:22  Missile Turret  
  184  10:23  Missile Turret  
  184  10:26  Sensor Tower  
  184  10:33  Command Center  
  183  10:35  Command Center  
  183  10:37  Command Center  
  183  10:47  Personal Cloaking  
  183  10:57  Starport Tech Lab x2, Weapon Refit, Missile Turret  
  183  11:03  Barracks  
  183  11:04  Barracks, Orbital Command  
  183  11:05  Barracks  
  183  11:14  Missile Turret  
  183  11:17  Battlecruiser  
  189  11:19  Battlecruiser  
  189  11:21  Missile Turret  
  195  11:32  Terran Ship Weapons Level 2, SCV x3  
  195  11:39  Planetary Fortress  
  194  11:41  Siege Tank  
  194  11:45  Terran Infantry Weapons Level 3, Missile Turret  
  194  11:46  Missile Turret  
  197  11:50  Orbital Command x3  
  197  11:52  Terran Infantry Armor Level 3  
  196  12:07  Armory  
  196  12:09  Refinery  
  196  12:10  Refinery  
  196  12:12  Command Center  
  196  12:13  Nuke  
  196  12:14  Command Center, Barracks Tech Lab x2  
  196  12:15  Barracks Reactor  
  196  12:50  Starport  
  196  12:51  Starport  
  196  12:52  Starport  
  196  12:54  Command Center, Starport  
  196  12:58  Terran Vehicle And Ship Armor Level 1  
  196  13:01  Smart Servos  
  196  13:27  Command Center  
  196  13:30  Battlecruiser  
  196  13:32  Starport Tech Lab x2  
  196  13:33  Starport Tech Lab, Starport Reactor  
  196  13:49  Orbital Command x2  
  196  13:56  Terran Ship Weapons Level 3  
  180  14:22  Neosteel Armor  
  180  14:25  Battlecruiser x3  
  180  14:28  Planetary Fortress  
  180  14:29  Hi-Sec Auto Tracking, Caduceus Reactor  
  198  14:32  Missile Turret  
  198  14:48  Missile Turret x2  
  198  14:54  Missile Turret  
  198  14:55  Missile Turret  
  198  15:06  Refinery  
  198  15:07  Refinery  
  195  15:28  Orbital Command  
  194  15:36  Missile Turret  
  194  15:37  Sensor Tower, Missile Turret  
  194  15:38  Missile Turret  
  186  15:45  Battlecruiser x2  
  192  16:14  Battlecruiser  
  194  16:35  Terran Vehicle And Ship Armor Level 2  
  194  16:36  Marine x2  
  194  16:37  Marine  
  196  16:45  Battlecruiser  
  200  16:52  Marine x3  
  200  16:53  Marine  
  200  17:00  Missile Turret  
  198  17:02  Command Center, Missile Turret  
  198  17:04  Missile Turret  
  198  17:05  Missile Turret x2  
  198  17:06  Command Center x2  
  194  17:16  Battlecruiser  
  194  17:18  Battlecruiser  
  198  17:31  Battlecruiser  
  188  17:46  Battlecruiser  
  188  17:49  Battlecruiser  
  184  18:13  Viking x4  
  178  18:20  Battlecruiser  
  178  18:22  Battlecruiser  
  173  18:35  Battlecruiser  
  179  18:43  Viking x4  
  176  18:50  Viking  
  176  18:53  Viking  
  153  19:07  Marine x3  
  153  19:08  Marine x3  
  145  19:12  Marauder x2  
  145  19:13  Viking x4  
  144  19:19  Marine x2  
  144  19:20  Viking  
  144  19:23  Viking  
  164  19:24  Viking  
  136  19:25  Marine x4  
  136  19:26  Viking, Marine x2  
  134  19:33  Marine x2  
  134  19:37  Marine x2  
  132  19:39  Viking  
  132  19:40  Orbital Command x3  
  132  19:43  Viking x2, Marine x5  
  132  19:44  Marine  
  140  19:47  Terran Vehicle And Ship Armor Level 3  
  140  19:49  Medivac x2  
  140  19:50  Medivac  
  140  19:51  Marauder x2  
  137  19:53  Medivac  
  137  19:54  Medivac  
  137  19:55  Marauder x2  
  137  19:57  Orbital Command  
  144  20:01  Marine x6  
  144  20:03  Orbital Command  
  148  20:13  Marauder x2  
  152  20:17  Marauder x2  
  152  20:19  Battlecruiser, Marine x6  
  168  20:24  Sensor Tower, Missile Turret  
  168  20:26  Battlecruiser  
  174  20:32  Medivac x2  
  174  20:33  Medivac  
  174  20:34  Marauder x2  
  184  20:36  Marine x2  
  184  20:37  Marine x4  
  184  20:38  Marauder x2  
  194  20:51  Missile Turret  
  194  20:54  Marine  
  194  20:55  Marauder  
  194  20:56  Marauder  
  196  21:04  Orbital Command  
  195  21:17  Marauder x2  
  199  21:24  Sensor Tower  
  196  21:33  Ghost x2  
  196  21:37  Ghost x2  
  195  21:46  Marine x2  
  178  21:48  Marine x3  
  178  21:49  Marine  
  178  21:52  Battlecruiser  
  178  21:53  Battlecruiser  
  178  22:01  Ghost  
  178  22:02  Ghost  
  178  22:03  Marine  
  178  22:04  Marine  
  178  22:06  Ghost x2, Marine x3  
  159  22:13  Marine  
  147  22:25  Marine x3  
  147  22:26  Marine x2  
  152  22:30  Ghost, Marine  
  152  22:31  Marauder  
  152  22:33  SCV  
  152  22:35  Marauder x2  
  162  22:43  Marine  
  163  22:44  Marine x2  
  165  22:51  Marine  
  165  22:52  Marauder, Marine x2  
  165  22:57  Marauder x2  
  172  22:59  Marauder  
  172  23:01  Marine  
  172  23:02  Marine x2  
  177  23:09  Marine x2  
  177  23:10  Marine  
  180  23:14  Marauder  
  180  23:18  Marine, Marauder x2  
  187  23:20  Marine x2  
  187  23:21  Marauder  
  191  23:27  Marine x3  
  193  23:35  Marauder  
  193  23:36  Marine  
  193  23:38  Marine x2  
  193  23:39  Marauder  
  194  23:42  Marauder  
  194  23:43  Marauder  
  194  23:45  Missile Turret, Marine x2  
  183  24:26  Marauder, Marine x2  
  183  24:27  Marauder, Marine  
  181  24:31  Marine x3  
  181  24:32  Marauder  
  181  24:33  Marauder  
  188  24:43  Marine  
  188  24:44  Marine  
  188  24:45  Marine  
  191  24:48  Marine, Marauder  
  191  24:49  Marine x2  
  191  24:50  Command Center  
  191  24:51  Marine  
  195  24:53  Marauder  
Show
View Real Time Build Order
Export as new Build Order

llllllllllll Protoss 

Build Orders: 1 Gate Expand, Oracle Opening, Blink Stalkers, Carriers, Colossus Rush 

Get SALT Encoding   

  12  0:00  Probe  
  13  0:12  Probe  
  14  0:17  Pylon  
  14  0:24  Probe  
  15  0:35  Gateway  
  15  0:36  Probe (Chrono Boost)  
  15  0:42  Assimilator  
  16  0:48  Probe (Chrono Boost)  
  17  0:53  Probe (Chrono Boost)  
  18  1:03  Probe  
  19  1:15  Probe  
  20  1:22  Cybernetics Core  
  20  1:33  Nexus  
  20  1:41  Pylon  
  20  1:43  Probe  
  21  1:49  Assimilator  
  21  1:55  Probe  
  21  1:56  Adept (Chrono Boost)  
  21  2:00  Warp Gate  
  24  2:07  Probe  
  25  2:17  Shield Battery  
  25  2:19  Sentry, Probe  
  28  2:31  Probe (Chrono Boost)  
  28  2:35  Twilight Council  
  29  2:37  Oracle  
  29  2:42  Probe (Chrono Boost)  
  30  2:45  Stalker  
  30  2:47  Probe (Chrono Boost)  
  30  2:48  Probe (Chrono Boost)  
  34  2:57  Probe (Chrono Boost)  
  36  3:02  Probe (Chrono Boost)  
  36  3:03  Probe (Chrono Boost)  
  37  3:12  Gateway  
  37  3:13  Blink  
  37  3:17  Probe x2  
  39  3:23  Gateway  
  39  3:30  Robotics Facility  
  39  3:33  Probe (Chrono Boost)  
  41  3:35  Probe (Chrono Boost)  
  41  3:45  Assimilator, Probe (Chrono Boost)  
  41  3:47  Assimilator  
  41  3:48  Pylon  
  43  3:52  Probe (Chrono Boost)  
  43  3:53  Probe (Chrono Boost)  
  44  3:57  Sentry  
  44  4:01  Pylon  
  46  4:06  Probe (Chrono Boost)  
  46  4:07  Pylon  
  46  4:09  Sentry  
  50  4:11  Probe (Chrono Boost)  
  50  4:15  Warp Prism (Chrono Boost)  
  50  4:16  Probe (Chrono Boost)  
  51  4:20  Probe (Chrono Boost)  
  51  4:21  Probe (Chrono Boost)  
  51  4:22  Sentry  
  57  4:32  Robotics Bay  
  57  4:33  Probe x2  
  59  4:40  Pylon  
  59  4:44  Stalker x2  
  63  4:50  Stalker  
  65  4:55  Immortal (Chrono Boost)  
  59  5:10  Pylon  
  59  5:14  Stalker x2  
  59  5:15  Stalker  
  65  5:26  Colossus (Chrono Boost)  
  71  5:38  Forge  
  71  5:41  Extended Thermal Lance  
  70  5:52  Probe x2  
  71  5:58  Stalker x3  
  70  6:20  Pylon  
  70  6:21  Observer (Chrono Boost), Probe  
  70  6:24  Pylon  
  70  6:26  Nexus  
  70  6:33  Pylon  
  70  6:38  Colossus (Chrono Boost), Probe, Charge  
  71  6:41  Pylon  
  71  6:43  Probe  
  78  6:49  Shield Battery  
  78  6:50  Protoss Ground Weapons Level 1 (Chrono Boost), Probe  
  79  6:58  Probe  
  80  7:02  Probe  
  81  7:10  Gateway, Probe  
  81  7:11  Gateway  
  81  7:14  Probe  
  81  7:15  Templar Archives  
  83  7:18  Shield Battery  
  83  7:22  Colossus (Chrono Boost)  
  89  7:33  Probe  
  89  7:34  Probe  
  89  7:35  Pylon  
  91  7:38  Pylon  
  91  7:41  Photon Cannon, Probe  
  91  7:43  Stalker  
  94  7:47  Probe x2  
  96  7:53  Psionic Storm, Probe  
  96  7:55  Zealot x2  
  101  8:01  Gateway  
  101  8:04  Pylon  
  101  8:08  Probe x3  
  104  8:14  Photon Cannon  
  104  8:15  High Templar, Shield Battery  
  104  8:17  High Templar  
  108  8:20  Pylon  
  108  8:22  Probe x2  
  108  8:24  Probe  
  111  8:27  Stalker  
  111  8:31  High Templar, Zealot  
  117  8:36  Protoss Ground Weapons Level 2 (Chrono Boost)  
  117  8:37  Assimilator  
  117  8:39  Probe x3  
  116  8:43  Warp Prism (Chrono Boost)  
  116  8:45  Pylon  
  118  8:50  Assimilator  
  118  8:51  Probe  
  118  9:00  Nexus  
  118  9:03  Pylon  
  118  9:08  Shield Battery  
  118  9:15  High Templar x2, Zealot x3  
  128  9:19  High Templar, Pylon  
  128  9:22  Probe  
  128  9:23  Probe x2  
  133  9:25  Gravitic Drive (Chrono Boost)  
  133  9:30  Immortal (Chrono Boost)  
  137  9:41  Pylon  
  137  9:42  Probe x3  
  137  9:44  Photon Cannon  
  140  9:46  Photon Cannon  
  140  9:50  Shield Battery  
  140  9:56  Gateway  
  140  9:58  Gateway  
  140  9:59  High Templar  
  142  10:01  High Templar  
  142  10:05  Protoss Air Weapons Level 1 (Chrono Boost)  
  142  10:06  Photon Cannon  
  144  10:08  Observer (Chrono Boost)  
  144  10:09  Probe x3  
  144  10:14  Assimilator, Probe  
  149  10:16  Assimilator  
  149  10:21  Immortal (Chrono Boost)  
  149  10:25  Pylon  
  153  10:29  Forge  
  153  10:39  Stargate  
  153  10:41  Stargate  
  153  10:42  Stargate, Pylon  
  151  10:50  Zealot x6  
  151  10:53  Immortal (Chrono Boost), Protoss Ground Weapons Level 3 (Chrono Boost)  
  167  11:04  Zealot x2, Shield Battery  
  167  11:07  Protoss Ground Armor Level 1 (Chrono Boost)  
  171  11:15  High Templar  
  173  11:20  Photon Cannon x2, Probe x2  
  173  11:21  Photon Cannon, Probe x2  
  173  11:22  Shield Battery  
  173  11:23  Photon Cannon  
  177  11:30  Fleet Beacon  
  175  11:34  Oracle  
  175  11:36  Oracle  
  181  11:45  Zealot  
  181  11:46  Observer  
  183  11:51  Pylon  
  183  11:55  Cybernetics Core  
  183  11:56  Stalker x4  
  183  11:59  Zealot  
  191  12:11  Pylon  
  191  12:13  Nexus  
  191  12:15  Pylon  
  191  12:26  Carrier (Chrono Boost), Pylon  
  197  12:35  Carrier (Chrono Boost)  
  197  12:43  Carrier (Chrono Boost)  
  191  12:46  Robotics Facility  
  191  12:47  Stargate  
  197  12:53  Stargate  
  197  12:59  Protoss Ground Armor Level 2 (Chrono Boost)  
  197  13:05  Protoss Air Weapons Level 2  
  193  13:06  Protoss Air Armor Level 1  
  193  13:11  Dark Shrine  
  193  13:13  Photon Cannon  
  193  13:14  Photon Cannon  
  193  13:16  Photon Cannon  
  193  13:18  Photon Cannon  
  193  13:20  Shield Battery  
  193  13:22  Shield Battery  
  193  13:24  Photon Cannon  
  193  13:28  Observer  
  191  13:38  Protoss Shields Level 1 (Chrono Boost), Photon Cannon  
  191  13:40  Photon Cannon  
  191  13:42  Assimilator  
  191  13:44  Assimilator  
  191  13:45  Carrier  
  191  13:48  Shield Battery  
  197  13:51  Gravitic Boosters, Photon Cannon  
  197  13:52  Pylon  
  195  14:06  Dark Shrine  
  195  14:07  Pylon  
  195  14:08  Pylon  
  195  14:11  Photon Cannon  
  187  14:28  Photon Cannon  
  187  14:30  Photon Cannon  
  187  14:33  Carrier x2 (Chrono Boost)  
  187  14:34  Pylon  
  199  14:39  Observer  
  200  15:04  Carrier (Chrono Boost)  
  194  15:07  Carrier (Chrono Boost)  
  194  15:13  Observer  
  199  15:21  Pylon  
  197  15:29  Shadow Stride  
  193  15:45  Carrier  
  193  15:46  Protoss Air Armor Level 2 (Chrono Boost)  
  195  15:50  Protoss Air Weapons Level 3 (Chrono Boost)  
  195  15:58  Nexus  
  195  16:00  Pylon  
  195  16:01  Pylon  
  193  16:04  Pylon  
  193  16:08  Carrier (Chrono Boost)  
  188  16:16  Carrier x2 (Chrono Boost)  
  188  16:17  Carrier (Chrono Boost)  
  187  16:37  Stalker x7  
  199  16:46  Carrier (Chrono Boost)  
  181  17:09  Carrier (Chrono Boost)  
  181  17:15  Carrier x2 (Chrono Boost)  
  199  17:25  Nexus  
  194  17:30  Carrier (Chrono Boost)  
  182  17:46  High Templar x7, Zealot  
  197  17:51  Archon x2  
  197  17:52  Archon  
  195  18:18  Protoss Air Armor Level 3 (Chrono Boost)  
  182  18:21  Zealot x2  
  182  18:22  Zealot x6  
  162  18:51  Stalker x4  
  162  18:52  Stalker x3  
  150  19:04  Observer x3  
  118  19:20  Observer (Chrono Boost)  
  103  19:26  Zealot x7  
  103  19:27  Zealot  
  95  19:42  Warp Prism (Chrono Boost)  
  95  19:46  Observer x3  
  83  20:00  Stalker x2  
  87  20:09  Dark Templar x3  
  93  20:39  Nexus  
  93  20:41  Pylon  
  93  20:46  High Templar x8  
  109  20:58  Disruptor (Chrono Boost)  
  106  21:18  Stalker  
  106  21:19  Stalker x6  
  106  21:20  Stalker  
  122  21:39  Nexus  
  120  21:43  Archon  
  120  21:44  Stalker x2  
  120  21:45  Stalker x5  
  120  21:46  Stalker  
  123  21:55  Observer  
  113  22:06  Archon x2  
  101  22:09  Archon  
  101  22:11  Observer  
  96  22:26  Stalker x6  
  96  22:28  Stalker x2  
  112  22:53  Stalker x4  
  112  22:54  Stalker x3  
  112  23:12  Disruptor (Chrono Boost)  
  100  23:44  Disruptor  
  100  23:47  High Templar x2, Zealot x2  
  100  23:48  High Templar  
  110  23:52  Zealot x3  
  99  24:19  Disruptor (Chrono Boost)  
  65  24:35  Zealot x8  
Tags
 
Add a new tag
Caveats
  • Supply blocks, unpowered buildings, or Contaminate may cause inaccurate times.
  • Supply counts are checked every 10 seconds.